 Dungeon Crawl Stone Soup version 0.29.1-15-g9cfb28693d (webtiles) character file.

Game seed: 3517820007772658209

109 booth the Chopper (level 4, 0/34 HPs)
             Began as a Demonspawn Gladiator on Apr 26, 2023.
             Was an Initiate of Ashenzari.
             Slain by Grinder (4 damage)
             ... on level 3 of the Dungeon.
             The game lasted 00:15:27 (2899 turns).

booth the Chopper (Demonspawn Gladiator)            Turns: 2899, Time: 00:15:28

Health: 0/34       AC:  6    Str: 16      XL:     4   Next: 60%
Magic:  4/4        EV: 12    Int:  8 (9)  God:    Ashenzari [......]
Gold:   43         SH:  7    Dex: 12 (15) Spells: 3/3 levels left

rFire   . . .      SeeInvis .   a - +0 war axe
rCold   . . .      Faith    .   h - +0 buckler
rNeg    . . .      Spirit   .   b - +2 leather armour
rPois   .          Reflect  .   c - +0 helmet
rElec   .          Harm     .   (no cloak)
rCorr   .          Rampage  .   (no gloves)
Will    .....                   (no boots)
Stlth   +.........              (no amulet)
HPRegen 0.11/turn               (no ring)
MPRegen 0.09/turn               (no ring)

@: studying Maces & Flails
A: large bone plates 1, foul stench 1
a: Renounce Religion, Curse Item


You were on level 3 of the Dungeon.
You worshipped Ashenzari.
Ashenzari was noncommittal.
You visited 1 branch of the dungeon, and saw 3 of its levels.

You collected 108 gold pieces.
You spent 65 gold pieces at shops.

Inventory:

Hand Weapons
 a - a +0 war axe (weapon)
 f - a +0 mace
Armour
 b - a +2 leather armour (worn)
 c - a +0 helmet (worn)
 h - a +0 buckler (worn)
Scrolls
 i - a scroll of identify
 j - a scroll of enchant weapon {unknown}
Potions
 g - a potion of attraction


   Skills:
 + Level 2.9 Fighting
 * Level 3.3 Axes
 + Level 2.6 Throwing
 + Level 3.3 Dodging


You had 3 spell levels left.
You didn't know any spells.
Your spell library was empty.

Dungeon Overview and Level Annotations

Branches:
Dungeon (3/15)

Altars:
Ashenzari

Shops:
D:3 !

Annotations:
D:3 Grinder


Innate Abilities, Weirdness & Mutations

You are partially covered in large bone plates. (SH +4)
You may rarely emit foul miasma when damaged in melee.


Message History

* * * LOW HITPOINT WARNING * * *
You hit Grinder but do no damage.
Grinder is severely wounded.
You block Grinder's attack. Grinder hits you but does no damage.
You barely miss Grinder.
Grinder is severely wounded.
You block Grinder's attack.
You feel much better.
Grinder blinks!
You hit Grinder but do no damage.
Grinder is severely wounded.
Grinder blinks!
You hit Grinder.
Grinder is severely wounded.
You block Grinder's attack.
Grinder blinks!
Grinder blinks!
Grinder closely misses you.
You closely miss Grinder.
Grinder is severely wounded.
Grinder barely misses you.
You barely miss Grinder.
Grinder is severely wounded.
Grinder hits you.
You writhe in agony.
You barely miss Grinder.
Grinder is severely wounded.
Grinder barely misses you. You block Grinder's attack.
You barely miss Grinder.
Grinder is severely wounded.
Grinder gestures at you. You resist with significant effort.
You barely miss Grinder.
Grinder is severely wounded.
Grinder gestures at you. Pain shoots through your body!
* * * LOW HITPOINT WARNING * * *
You barely miss Grinder.
Grinder is severely wounded.
You block Grinder's attack. Grinder hits you.
* * * LOW HITPOINT WARNING * * *
You writhe in agony.
You die...

.(# #.# #.#
#.# #.# #.#
#.# #.# #@#
#5# #.# #.#
#.# #.# #.#
##########.#
........##.#


You could see Grinder.

Vanquished Creatures
  Jessica (D:2)
  Terence (D:2)
  A worm (D:2)
  3 dart slugs
  3 bats (D:1)
  5 endoplasms
  3 giant cockroaches
  8 goblins
  2 hobgoblins
  3 jackals (D:1)
  A quokka (D:2)
  6 ball pythons (D:1)
  2 frilled lizards (D:1)
  5 kobolds
  3 rats (D:1)
47 creatures vanquished.

Notes
Turn   | Place    | Note
-------+----------+-------------------------------------------
     0 | D:1      | booth the Demonspawn Gladiator began the quest for the Orb.
     0 | D:1      | Reached XP level 1. HP: 16/16 MP: 1/1
   441 | D:1      | Gained mutation: You are partially covered in large bone
                  | plates. (SH +4) [demonic ancestry]
   441 | D:1      | Reached XP level 2. HP: 3/22 MP: 2/2
   821 | D:1      | Found a faded altar of an unknown god.
   861 | D:1      | Prayed at the altar of an unknown god.
   861 | D:1      | Became a worshipper of Ashenzari the Shackled
  1820 | D:2      | Reached XP level 3. HP: 28/28 MP: 3/3
  2067 | D:2      | Noticed Terence
  2085 | D:2      | Killed Terence
  2274 | D:2      | Gained mutation: You may rarely emit foul miasma when
                  | damaged in melee. [demonic ancestry]
  2274 | D:2      | Reached XP level 4. HP: 34/34 MP: 4/4
  2364 | D:2      | Noticed Jessica
  2375 | D:2      | Killed Jessica
  2786 | D:3      | Identified a scroll of acquirement
  2786 | D:3      | Acquired a manual of Maces & Flails
  2819 | D:3      | Found Guusar's Distillery.
  2828 | D:3      | Bought a potion of heal wounds for 65 gold pieces
  2863 | D:3      | Noticed Grinder
  2878 | D:3      | Paralysed by Grinder for 2 turns
  2899 | D:3      | Slain by Grinder

Illustrated notes

Levels and vault maps discovered:
D:1:      lemuel_arrival_tunnels, layout_loops_corners,
          hellmonk_ecumenical_altar_arch_garden, minivault_14
D:2:      layout_loops_ring, basic_altar, moated_statue, uniq_terence,
          uniq_jessica
D:3:      layout_loops_ring, serial_shops, shop, shop, shop,
          nicolae_diamond_shop, shop, uniq_grinder

Skill      XL: |  1  2 |
---------------+-------+-----
Throwing       | 2 |  2.6
Axes           | 3 |  3.3
Dodging        | 3 |  3.3
Fighting       | |  2.9

Action                   |  1- 3 |  4- 6 || total
-------------------------+-------+-------++-------
Melee: War axe           |   123 |    37 ||   160
       Punch             |     1 |       ||     1
Throw: Throwing net      |     4 |       ||     4
       Javelin           |     2 |     1 ||     3
       Dart              |     3 |     3 ||     6
  Use: Scroll            |     2 |     4 ||     6
       Potion            |     2 |     1 ||     3
Armor: Leather armour    |    42 |     8 ||    50
Dodge: Dodged            |    81 |    18 ||    99
Block: Buckler           |    31 |    15 ||    46
